 Dungeon Crawl Stone Soup version 0.20-a0-214-gb74cb0e (webtiles) character file.

34759 Lochraine the Orcish Catastrophe (level 13, -1/119 HPs)
             Began as a Hill Orc Monk on Nov 27, 2016.
             Was an Elder of Qazlal.
             Slain by a spiny frog (9 damage)
             ... on level 5 of the Lair of Beasts on Nov 28, 2016.
             The game lasted 01:05:03 (21731 turns).

Lochraine the Orcish Catastrophe (Hill Orc Monk)   Turns: 21731, Time: 01:05:03

Health: -1/119     AC: 18    Str: 19    XL:     13   Next: 79%
Magic:  24/24      EV:  8    Int: 10    God:    Qazlal [****..]
Gold:   992        SH:  5    Dex: 17    Spells: 12/12 levels left

rFire  + . .     SeeInvis +     S - +6 great mace (drain)
rCold  . . .     Gourm    .     C - +0 plate armour
rNeg   . . .     Faith    +     (shield currently unavailable)
rPois  .         Spirit   .     d - +0 hat {SInv}
rElec  .         Reflect  .     h - +1 cloak {MR+}
rCorr  .         Harm     .     N - +0 pair of gloves
MR     +....                    (no boots)
Stlth  ..........               A - amulet of faith
                                T - +4 ring of dexterity
                                F - ring of protection from fire

@: lethally poisoned (-1 -> -6), hasted, repel missiles, very quick
A: no striking features
a: Upheaval, Elemental Force, Renounce Religion


You were on level 5 of the Lair of Beasts.
You worshipped Qazlal.
Qazlal was greatly pleased with you.
You were not hungry.

You visited 3 branches of the dungeon, and saw 17 of its levels.
You also visited: Bailey.

You collected 992 gold pieces.

Inventory:

Hand Weapons
 a - a +0 hand axe of freezing
 b - a +1 blowgun
 S - a +6 great mace of draining (weapon)
Missiles
 x - 27 curare-tipped needles
 J - 25 tomahawks of returning (quivered)
 K - 12 tomahawks
 R - 6 javelins
Armour
 d - a +0 hat of see invisible (worn)
 f - a +0 ring mail of cold resistance
 h - a +1 cloak of magic resistance (worn)
 m - a +0 buckler
 v - a +1 chain mail of fire resistance
 C - a +0 plate armour (worn)
 N - a +0 pair of gloves (worn)
Jewellery
 n - an uncursed ring of flight
 A - an amulet of faith (around neck)
 F - a ring of protection from fire (left hand)
 T - a +4 ring of dexterity (right hand)
 V - an uncursed ring of protection from fire
Wands
 e - a wand of flame (34/48)
 l - a wand of iceblast (10/15)
 B - a wand of slowing (6/48)
 Q - a wand of polymorph (11/24)
 U - a wand of confusion (30/48)
 Y - a wand of lightning (8/15)
Scrolls
 g - a scroll of identify
 p - 4 scrolls of teleportation
 s - 3 scrolls of blinking
 t - 3 scrolls of fog
 y - 3 scrolls of magic mapping
 H - 3 scrolls of enchant armour
Potions
 i - a potion of mutation
 j - 2 potions of cancellation
 k - 3 potions of flight
 q - 2 potions of lignification {unknown}
 G - a potion of might
 M - a potion of brilliance {unknown}
 O - 2 potions of agility {unknown}
Books
 r - a book of Beasts

   Spells                             Type                      Level
   a - Summon Butterflies             Summoning                    1
   b - Call Canine Familiar           Summoning                    3
   c - Summon Ice Beast               Ice/Summoning                4
   d - Summon Mana Viper              Hexes/Summoning              5
   e - Summon Hydra                   Summoning                    7
 u - a book of Conjurations

   Spells                             Type                      Level
   a - Magic Dart                     Conjuration                  1
   b - Searing Ray                    Conjuration                  2
   c - Dazzling Spray                 Conjuration/Hexes            3
   d - Fulminant Prism                Conjuration/Hexes            4
   e - Iskenderun's Mystic Blast      Conjuration                  4
   f - Iskenderun's Battlesphere      Conjuration/Charms           5
 w - a book of Cantrips

   Spells                             Type                      Level
   a - Confusing Touch                Hexes                        1
   b - Animate Skeleton               Necromancy                   1
   c - Summon Small Mammal            Summoning                    1
   d - Apportation                    Translocation                1
 I - a book of Power

   Spells                             Type                      Level
   a - Fulminant Prism                Conjuration/Hexes            4
   b - Iskenderun's Mystic Blast      Conjuration                  4
   c - Venom Bolt                     Conjuration/Poison           5
   d - Bolt of Magma                  Conjuration/Fire/Earth       5
   e - Iron Shot                      Conjuration/Earth            6
   f - Orb of Destruction             Conjuration                  7
   g - Spellforged Servitor           Conjuration/Summoning        7
 W - a book of Ice

   Spells                             Type                      Level
   a - Ice Form                       Ice/Transmutation            4
   b - Metabolic Englaciation         Hexes/Ice                    5
   c - Ozocubu's Refrigeration        Ice                          6
   d - Bolt of Cold                   Conjuration/Ice              6
   e - Freezing Cloud                 Conjuration/Ice/Air          6
   f - Simulacrum                     Ice/Necromancy               6
Comestibles
 c - 7 bread rations
 o - 4 beef jerkies
 z - 16 fruits
 D - a chunk of flesh
 Z - a meat ration


   Skills:
 + Level 12.4 Fighting
 - Level 14.0 Axes
 - Level 1.6(8.0) Maces & Flails
   Level 2.5(5.1) Slings
 - Level 7.1(7.3) Throwing
 + Level 10.1 Armour
 + Level 3.0 Dodging
 - Level 1.5 Stealth
 - Level 4.0 Shields
 * Level 15.2 Invocations


You had 12 spell levels left.
You didn't know any spells.

Dungeon Overview and Level Annotations

Branches:
Dungeon (10/15)            Temple (1/1) D:4            Lair (6/6) D:8
  Swamp (0/4) Lair:3       Spider (0/4) Lair:4          Orc (0/2) D:10
  Slime: Lair:5-6

Altars:
Ashenzari
Cheibriados
Dithmenos
Elyvilon
Fedhas
Gozag
Hepliaklqana
Kikubaaqudgha
Makhleb
Nemelex Xobeh
Okawaru
Qazlal
Ru
Sif Muna
Trog
Uskayaw
Vehumet
Xom
Yredelemnul
Zin
The Shining One

Shops:
D:8 %


Message History

You hear a trumpeting!
The spiny frog stings you! x2
* * * LOW HITPOINT WARNING * * *
A spiny frog comes into view.
* * * LOW HITPOINT WARNING * * *
You feel sick.
The spiny frog moves out of view.
The spiny frog closely misses you.
You climb upwards.
* * * LOW HITPOINT WARNING * * *
You feel very sick.
There is a stone staircase leading down, spattered with blood here.
You see here a thick copper amulet.
You feel better. The spiny frog stings you.
* * * LOW HITPOINT WARNING * * *
You are poisoned.
The spiny frog poisons you!
You feel yourself speed up.
You feel sick. The spiny frog stings you!
* * * LOW HITPOINT WARNING * * *
The spiny frog stings you!
You die...

.#.......#.....#.....####.##.....
.P......#....#.#............#....
P............###..........###....
##.....##....###....#.#...##P....
##....[.#P...##P.....#...........
##......#..P..##....P#######P....
.##....P..#..###.§...######.P....
.......PP##....P.§§....#P##......
................@................
##P##.###.#.#P#F§§..#####P##.##.#
#######.#.########## #########
#####


You could see a spiny frog.

Vanquished Creatures
  Gastronok (Lair:3)
  Harold (Lair:1)
  4 hydras
  Urug (Lair:4)
  Sonja (Lair:1)
  A hill giant (D:10)
  Maurice (D:9)
  4 black mambas
  6 elephants
  6 spiny frogs
  A centaur skeleton (D:10)
  4 komodo dragons
  5 polar bears
  3 jumping spiders (Lair:4)
  5 blink frogs (Lair:4)
  5 hippogriffs
  6 dream sheep
  Grinder (D:5)
  3 hornets (Lair:4)
  A centaur simulacrum (D:10)
  3 redbacks
  A wraith (D:10)
  12 spriggans (Lair:4)
  Sigmund (D:6)
  A vampire (D:9)
  3 wyverns
  10 yaks
  Grum (D:9)
  5 basilisks
  11 water moccasins
  Duvessa (D:7)
  6 porcupines
  5 orc warriors
  A black bear (D:6)
  4 sky beasts
  The ghost of Lochraine the Chopper, an amateur HOMo (D:3)
  7 ice beasts
  3 phantoms (D:6)
  3 boggarts (Lair:4)
  A necrophage (D:6)
  14 wolves
  An ogre (D:8)
  4 centaurs
  9 crocodiles
  2 big kobolds
  15 bullfrogs
  3 scorpions
  A wyvern skeleton (D:9)
  Dowan (D:7)
  5 killer bees
  5 wights (D:8)
  4 electric eels (D:7)
  3 crimson imps
  5 hounds
  A bullfrog zombie (D:10)
  A gnoll shaman (D:7)
  9 orc priests
  A bullfrog skeleton (D:4)
  8 orc wizards
  6 iguanas
  8 worker ants
  A killer bee zombie (D:9)
  A bullfrog simulacrum (D:10)
  2 hound zombies
  3 hound skeletons
  A worker ant zombie (D:6)
  A howler monkey skeleton (D:6)
  8 adders
  6 gnolls (D:7)
  A hound simulacrum (D:10)
  3 white imps
  A worker ant simulacrum (D:10)
  3 ufetubi (D:10)
  4 adder skeletons
  An adder zombie (D:6)
  4 worms
  A leopard gecko (D:2)
  34 orcs
  2 ball pythons
  2 bats (D:1)
  8 giant cockroaches
  8 goblins
  2 hobgoblins
  11 jackals
  20 kobolds
  A quokka (D:8)
  A frilled lizard (D:1)
  A jackal skeleton (D:7)
  A leopard gecko zombie (D:5)
  A quokka skeleton (D:8)
  6 rats
  A butterfly (Lair:1)
  3 fungi
  A plant (Lair:3)
390 creatures vanquished.

Vanquished Creatures (collateral kills)
  4 yaks (Lair:3)
  A bullfrog (Lair:3)
5 creatures vanquished.

Vanquished Creatures (others)
  10 fungi
  6 plants
16 creatures vanquished.

Grand Total: 411 creatures vanquished

Notes
Turn   | Place    | Note
-------+----------+-------------------------------------------
     0 | D:1      | Lochraine the Hill Orc Monk began the quest for the Orb.
     0 | D:1      | Reached XP level 1. HP: 19/19 MP: 1/1
   384 | D:1      | Reached XP level 2. HP: 19/27 MP: 2/2
  1315 | D:1      | You fall through a shaft!
  1442 | D:2      | Reached XP level 3. HP: 26/33 MP: 3/3
  1455 | D:2      | Found a shadowy altar of Dithmenos.
  1457 | D:2      | Found a glowing silver altar of Zin.
  1458 | D:2      | Found a white marble altar of Elyvilon.
  1584 | D:2      | Reached skill level 5 in Axes
  2303 | D:3      | Reached skill level 1 in Armour
  2313 | D:3      | Reached XP level 4. HP: 34/40 MP: 4/4
  2383 | D:3      | Reached skill level 1 in Slings
  2444 | D:3      | Noticed Lochraine's ghost (amateur HOMo)
  2745 | D:3      | Killed Lochraine's ghost
  2745 | D:3      | Reached XP level 5. HP: 47/47 MP: 5/5
  3145 | D:4      | Reached XP level 6. HP: 39/55 MP: 6/6
  3190 | D:4      | Found a sacrificial altar of Ru.
  3257 | D:4      | Reached skill level 5 in Fighting
  3263 | D:4      | Found a staircase to the Ecumenical Temple.
  3313 | Temple   | Entered the Ecumenical Temple
  3395 | Temple   | Became a worshipper of Qazlal Stormbringer
  3395 | Temple   | Reached * piety under Qazlal
  3395 | Temple   | Reached ** piety under Qazlal
  3806 | D:5      | Entered Level 5 of the Dungeon
  3888 | D:5      | Found a burning altar of Makhleb.
  4019 | D:5      | Reached skill level 1 in Shields
  4047 | D:5      | Reached XP level 7. HP: 58/61 MP: 7/7
  4136 | D:5      | Noticed Grinder
  4482 | D:6      | Reached skill level 1 in Invocations
  4550 | D:6      | Reached skill level 2 in Invocations
  4696 | D:5      | Reached XP level 8. HP: 26/70 MP: 9/9
  5085 | D:5      | Paralysed by Grinder for 5 turns
  5100 | D:5      | Killed Grinder
  5100 | D:5      | Reached skill level 3 in Invocations
  5398 | D:6      | Noticed Sigmund
  5448 | D:6      | Killed Sigmund
  5660 | D:6      | Reached skill level 4 in Invocations
  5886 | D:6      | Reached skill level 10 in Axes
  5986 | D:6      | Reached XP level 9. HP: 64/79 MP: 12/12
  6011 | D:6      | Reached *** piety under Qazlal
  6134 | D:6      | Found a deep blue altar of Sif Muna.
  6155 | D:6      | Reached skill level 5 in Invocations
  6506 | D:7      | Noticed Duvessa
  6509 | D:7      | Noticed Dowan
  6518 | D:7      | Killed Dowan
  6530 | D:7      | Killed Duvessa
  6921 | D:7      | Found a flagged portal.
  6937 | Bailey   | Entered a bailey
  7232 | Bailey   | Noticed an orc knight
  7237 | Bailey   | HP: 2/80 [orc warrior/war axe (18)]
  7581 | D:7      | Reached skill level 6 in Invocations
  8357 | D:8      | Found Toruhy's Food Boutique.
  8374 | D:8      | Reached XP level 10. HP: 60/88 MP: 15/15
  8391 | D:8      | Reached skill level 7 in Invocations
  8401 | D:8      | Reached skill level 5 in Armour
  8806 | D:8      | Noticed a hand axe
  8808 | D:8      | Noticed a dagger
  8809 | D:8      | Found a hide-covered altar of Uskayaw.
  8834 | D:8      | Noticed an elephant
  8886 | D:8      | Killed an elephant
  8886 | D:8      | Reached skill level 1 in Throwing
  9202 | D:8      | Found a staircase to the Lair.
  9430 | D:9      | Noticed Maurice
  9493 | D:9      | Killed Maurice
  9564 | D:9      | Reached skill level 8 in Invocations
  9770 | D:9      | Found a blossoming altar of Fedhas.
  9845 | D:10     | Entered Level 10 of the Dungeon
 10069 | D:10     | Noticed a hill giant
 10089 | D:10     | Killed a hill giant
 10124 | D:10     | Noticed Grum
 10150 | D:9      | Reached **** piety under Qazlal
 10185 | D:10     | Found a staircase to the Orcish Mines.
 10344 | D:10     | Reached XP level 11. HP: 75/97 MP: 17/17
 10932 | D:9      | Killed Grum
 11037 | D:9      | Reached skill level 9 in Invocations
 11498 | D:10     | Reached ***** piety under Qazlal
 11818 | D:10     | Reached skill level 10 in Fighting
 11854 | D:10     | Reached skill level 10 in Invocations
 12524 | Lair:1   | Entered Level 1 of the Lair of Beasts
 12530 | Lair:1   | Noticed Harold
 12547 | Lair:1   | Noticed a four-headed hydra
 12562 | Lair:1   | Killed Harold
 13149 | D:8      | Killed a six-headed hydra
 13536 | Lair:1   | Noticed Sonja
 13553 | Lair:1   | Killed Sonja
 13553 | Lair:1   | Reached skill level 11 in Invocations
 13553 | Lair:1   | Reached XP level 12. HP: 52/107 MP: 20/20
 14550 | Lair:2   | Reached skill level 5 in Throwing
 14655 | Lair:2   | Found a stormy altar of Qazlal.
 14663 | Lair:2   | Got an encrusted leather armour
 14675 | Lair:2   | Identified the +2 leather armour "Werruk" {Str+3} (You found it on level 2 of the Lair of Beasts)
 14698 | Lair:2   | Noticed an eight-headed hydra
 14700 | Lair:2   | Killed an eight-headed hydra
 15322 | Lair:2   | Reached skill level 12 in Invocations
 15559 | Lair:3   | Noticed a five-headed hydra
 15574 | Lair:3   | Killed a five-headed hydra
 16371 | Lair:3   | Noticed Gastronok
 16395 | Lair:3   | Killed Gastronok
 16542 | Lair:3   | Found a staircase to the Swamp.
 16592 | Lair:3   | Reached skill level 13 in Invocations
 17512 | Lair:3   | Reached XP level 13. HP: 75/116 MP: 23/23
 18246 | Lair:4   | Reached skill level 14 in Invocations
 19267 | Lair:4   | Noticed Urug
 19296 | Lair:4   | Killed Urug
 19795 | Lair:4   | Found a hole to the Spider Nest.
 20006 | Lair:4   | Reached skill level 1 in Maces & Flails
 20161 | Lair:4   | Got an ancient dagger {flame}
 20162 | Lair:4   | Identified the +8 dagger of Xeukao {flame, *Noise rPois rF- Stlth+} (You took it off a spriggan on level 4 of the Lair of Beasts)
 21135 | Lair:6   | Entered Level 6 of the Lair of Beasts
 21140 | Lair:6   | Reached skill level 10 in Armour
 21164 | Lair:5   | Reached skill level 15 in Invocations
 21731 | Lair:5   | Slain by a spiny frog

Vault maps used:
D:1:      scummos_arrival_gate
D:2:      gammafunk_temple_overflow_forgotten
D:4:      hangedman_ru_absence
D:5:      basic_altar, first_bread, uniq_grinder
D:6:      nicolae_overflow_hidden_temple, uniq_sigmund
D:7:      enter_bailey_7, serial_bayou_lake_a, uniq_duvessa
D:8:      dancing_weapons_uskayaw, david_lair_generic, serial_shops,
          nicolae_shop_trees
D:9:      fedhas_altar_2, uniq_maurice
D:10:     orc_0_dummy, nicolae_trove_entry_crystal, serial_ice, serial_ice_l,
          serial_ice_c, serial_ice_b, serial_ice_e, serial_ice_d, serial_ice_h,
          serial_ice_f, serial_ice_m, serial_ice_n, serial_ice_o, uniq_grum
Temple:   regret_index_temple_waves
Lair:1:   zaba_anthole, lemuel_fruit_fields, uniq_sonja, uniq_harold
Lair:2:   basic_altar, cheibrodos_lair_caveside_slide, st_stairs_8
Lair:3:   swamp_mist, uniq_gastronok
Lair:4:   kb_forest_paths, nicolae_spider_entry_tight_spaces, uniq_urug
Lair:6:   minmay_lair_end_enchanted_forest, dpeg_slime_entry_corner,
          special_room, grunt_megastairs_5, uniq_josephine
Bailey:   bailey_axe_1, bailey

Skill      XL: |  1  2  3  4  5  6  7  8  9 10 11 12 13 |
---------------+----------------------------------------+-----
Fighting       | 4 5 6 7 8 9 10 11 12 | 12.4
Axes           | 5 7 8 10 11 13 14 | 14.0
Armour         | 1 2 4 6 7 9 10 | 10.1
Slings         | 2 |  2.5
Shields        | 1 2 4 |  4.0
Invocations    | 2 4 6 8 11 13 15 | 15.2
Throwing       | 2 4 6 7 |  7.1
Maces & Flails | 1 |  1.6
Dodging        | 3 |  3.0
Stealth        | |  1.5

Action                   |  1- 3 |  4- 6 |  7- 9 | 10-12 | 13-15 || total
-------------------------+-------+-------+-------+-------+-------++-------
Melee: Hand axe          |    42 |   193 |   511 |   842 |   150 ||  1738
       Dagger            |    31 |       |       |       |    10 ||    41
       War axe           |       |       |       |    81 |    72 ||   153
       Great mace        |       |       |       |       |    83 ||    83
 Fire: Hunting sling     |    39 |    20 |       |       |       ||    59
       Blowgun           |       |       |       |    11 |       ||    11
Throw: Tomahawk          |       |       |    26 |    24 |    17 ||    67
       Throwing net      |       |       |       |     2 |       ||     2
Invok: Upheaval          |       |       |     8 |    13 |     7 ||    28
       Elemental Force   |       |       |       |     1 |       ||     1
Evoke: Wand              |       |       |     6 |     4 |     3 ||    13
  Use: Scroll            |       |     3 |    10 |    15 |     3 ||    31
       Potion            |       |     2 |     8 |     3 |     5 ||    18
 Stab: Sleeping          |     1 |       |       |       |       ||     1
       Held in net/web   |       |       |       |     2 |       ||     2
  Eat: Chunk             |     4 |     5 |    10 |    14 |     3 ||    36
       Meat ration       |       |       |     1 |     1 |     2 ||     4
       Fruit             |       |       |     1 |       |       ||     1
       Bread ration      |       |       |       |     2 |       ||     2
       Pizza             |       |       |       |     1 |       ||     1
Armor: Ring mail         |    34 |       |       |     3 |       ||    37
       Chain mail        |       |     9 |       |       |    69 ||    78
       Plate armour      |       |    96 |   249 |   407 |    76 ||   828
Dodge: Dodged            |    53 |    17 |    94 |   178 |    84 ||   426
       Deflected         |       |       |       |     7 |     4 ||    11
Block: Large shield      |       |    82 |       |       |       ||    82
       Buckler           |       |     4 |   188 |   384 |    88 ||   664
       Other             |       |       |       |       |    31 ||    31
